Workbook

Sheet Sheet1
B1: Equity Multiples from a DDM
B2: Enter the following inputs for the two-stage DDM (If you are using FCFE, compute the potential payout ratio = 1- FCFE/ Net Income)
C3: High Growth | D3: Stable Growth
B4: Number of years | C4: 10
B5: Expected growth rate | C5: 0.1 | D5: 0.03
B6: Payout ratio or FCFE as % of Net Income | C6: 0.371 | D6: 0.7
B7: Riskfree rate | C7: 0.035 | D7: 0.03
B8: Equity risk premium | C8: 0.05 | D8: =C8 -> 0.05
B9: Beta | C9: 1 | D9: 1
B10: Net profit margin | C10: 0.025 | D10: 0.025
B12: Current Inputs
B13: Expected Net Income next year | C13: =1 -> 1 | D13: (in $ per share)
B14: Book value of equity | C14: =C13/G19 -> 6.29
B15: Expected revnues next year | C15: =C13/C10 -> 40
B16: Valuation calcuations
B17: High Growth Period
B18: Length of high-growth period (n) = | D18: =C4 -> 10 | E18: (Number of periods)
B19: Growth rate during period (g) = | D19: =C5 -> 0.1 | E19: (in percent) | F19: Expected ROE = | G19: =D19/(1-D20) -> 0.15898251
B20: Payout ratio during period (_) = | D20: =C6 -> 0.371 | E20: (in percent) | F20: Sales to book equity | G20: =G19/C10 -> 6.3593005
B21: Cost of Equity during period = | D21: =C7+C9*C8 -> 0.085 | E21: (in percent)
B22: Stable Growth Period
B23: Growth rate in steady state = | D23: =D5 -> 0.03 | E23: (in percent)
B24: Payout ratio in steady state = | D24: =D6 -> 0.7 | E24: (in percent) | F24: Expected ROE = | G24: =D23/(1-D24) -> 0.1
B25: Cost of Equity in steady state = | D25: =D7+D9*D8 -> 0.08 | E25: (in percent) | F25: Sales to book equity | G25: =G24/D10 -> 4
B26: Output
B27: Value of Equity = | D27: =IF(D19=D21,C13*D18+(G19*C14)*(1+D19)^(D18-1)*(1+D23)*D24/((D25-D23)*(1+D21)^D18),(G19*C14)*D20*(1-((1+D19)^D18/(1+D21)^D18))/(D21-D19)+(G19*C14)*(1+D19)^(D18-1)*(1+D23)*D24/((D25-D23)*(1+D21)^D18)) -> 18.678529
B28: Price/Forward Earnings Ratio = | D28: =D27/C13 -> 18.678529
B29: Price/Book Value Ratio = | D29: =D27/C14 -> 2.9695595 | G29: PBV equatioin
B30: Price/ Forward Sales Ratio = | D30: =D28*(C13/C15) -> 0.46696323 | G30: =G19*((D20*(1-(1+D19)^D18/(1+D21)^D18))/(D21-D19)+((1+D19)^(D18-1)*(1+D23)*D24)/((D21-D23)*(1+D21)^5)) -> 3.8469054
B31: Price/Trailing Sales Ratio = | D31: =D30*(1+D19) -> 0.51365956
G32: PS equation
G33: =C13/C15*((D20*(1-(1+D19)^D18/(1+D21)^D18))/(D21-D19)+((1+D19)^(D18-1)*(1+D23)*D24)/((D25-D23)*(1+D21)^D18)) -> 0.46696323
G35: =G33*(1+D19) -> 0.51365956

Sheet Sheet2
A1: Expected ROE | B1: ROE minus COE | C1: Price to Book
A2: 0.05 | B2: =A2-Sheet1!$D$21 -> -0.035 | C2: 0.46
A3: 0.1 | B3: =A3-Sheet1!$D$21 -> 0.015 | C3: 1.07
A4: 0.15 | B4: =A4-Sheet1!$D$21 -> 0.065 | C4: 1.84
A5: 0.2 | B5: =A5-Sheet1!$D$21 -> 0.115 | C5: 2.82
A6: 0.25 | B6: =A6-Sheet1!$D$21 -> 0.165 | C6: 4.01
A7: 0.3 | B7: =A7-Sheet1!$D$21 -> 0.215 | C7: 5.47
A8: 0.35 | B8: =A8-Sheet1!$D$21 -> 0.265 | C8: 7.22
A9: 0.4 | B9: =A9-Sheet1!$D$21 -> 0.315 | C9: 9.3

Sheet Sheet3
A1: Net margin | B1: Trailing PS | C1: Forward PS
A2: 0.025 | B2: 0.24 | C2: 0.25
A3: =A2+0.025 -> 0.05 | B3: 0.57 | C3: 0.63
A4: =A3+0.025 -> 0.075 | B4: 1.02 | C4: 1.17
A5: =A4+0.025 -> 0.1 | B5: 1.61 | C5: 1.93
A6: =A5+0.025 -> 0.125 | B6: 2.35 | C6: 2.94
A7: =A6+0.025 -> 0.15 | B7: 3.29 | C7: 4.27
A8: =A7+0.025 -> 0.175 | B8: 4.44 | C8: 6
A9: =A8+0.025 -> 0.2 | B9: 5.85 | C9: 8.2

Sheet Sheet4

Sheet Sheet5

Sheet Sheet6

Sheet Sheet7

Sheet Sheet8

Sheet Sheet9

Sheet Sheet10

Sheet Sheet11

Sheet Sheet12

Sheet Sheet13

Sheet Sheet14

Sheet Sheet15

Sheet Sheet16
